 Dungeon Crawl Stone Soup version 0.30-a0-311-gf115ab0292 (webtiles) character file.

Game seed: 17840583423098103371

210 koil the Shooter (level 5, 0/27 HPs)
             Began as a Spriggan Hunter on Oct 26, 2022.
             Succumbed to a scorpion's poison
             ... on level 4 of the Dungeon.
             The game lasted 00:05:04 (2358 turns).

koil the Shooter (Spriggan Hunter)                  Turns: 2358, Time: 00:05:05

Health: 0/27       AC:  2    Str:  7    XL:     5   Next: 57%
Magic:  9/9        EV: 19    Int: 10    God:
Gold:   165        SH:  0    Dex: 21    Spells: 7/8 levels left

rFire   . . .      SeeInvis +    a - +0 shortbow
rCold   + . .      Faith    .    (shield currently unavailable)
rNeg    . . .      Spirit   .    w - +0 robe
rPois   .          Reflect  .    (helmet restricted)
rElec   .          Harm     .    (no cloak)
rCorr   .          Rampage  .    (gloves unavailable)
Will    .....                    (boots unavailable)
Stlth   +++.......               (no amulet)
HPRegen 0.24/turn                m - ring of protection from cold
MPRegen 0.11/turn                (no ring)

@: lethally poisoned (0 -> -12), on berserk cooldown, slowed, quick
A: very small, no large weapons, unfitting armour, see invisible, speed 3
a: no special abilities


You were on level 4 of the Dungeon.
You visited 1 branch of the dungeon, and saw 4 of its levels.

You collected 165 gold pieces.

Inventory:

Hand Weapons
 a - a +0 shortbow (weapon)
 b - a +2 dagger of holy wrath
 u - a +0 dagger
Missiles
 k - 6 poisoned darts
Armour
 c - a +0 robe
 d - a +0 robe
 o - a +0 robe
 w - a +0 robe (worn)
Jewellery
 m - a ring of protection from cold (left hand)
 p - an amulet of faith
Wands
 y - a wand of mindburst (12)
Scrolls
 e - a scroll of immolation
 f - a scroll of butterflies {unknown}
 i - a scroll of vulnerability {unknown}
 j - a scroll of teleportation {unknown}
 n - 3 scrolls of identify {unknown}
 r - 2 scrolls of blinking {unknown}
 s - a scroll of summoning {unknown}
 t - a scroll of enchant weapon {unknown}
 x - a scroll of enchant armour {unknown}
 z - a scroll of magic mapping {unknown}
Potions
 h - a potion of curing {unknown}
 l - a potion of magic {unknown}
 q - a potion of brilliance {unknown}
 v - a potion of cancellation {unknown}


   Skills:
 + Level 2.4 Fighting
 + Level 4.5 Ranged Weapons
 + Level 4.1 Dodging
 + Level 3.7 Stealth
 + Level 2.3 Spellcasting
 + Level 1.5 Necromancy


You had 7 spell levels left.
You knew the following spells:

 Your Spells              Type           Power      Damage    Failure   Level
a - Necrotise             Necr           16%        1d4       16%         1

Your spell library contained the following spells:

 Spells                   Type           Power      Damage    Failure   Level
 Freeze                   Ice            4%         1d3       30%         1
 Vampiric Draining        Necr           4%         2d6       43%         3
 Frozen Ramparts          Ice            2%         1d1       67%         3
 Hailstorm                Conj/Ice       1%         3d3       67%         3
 Agony                    Necr           4%         N/A       99%         5


Dungeon Overview and Level Annotations

Branches:
Dungeon (4/15)
 Temple: D:4-7

Altars:
Makhleb
Ru
Vehumet


Innate Abilities, Weirdness & Mutations

You are very small and have problems with some larger weapons.
You are too small for most types of armour.
You have supernaturally acute eyesight. (SInv)
You cover ground extremely quickly. (Speed+++)


Message History

You shoot an arrow.
The arrow hits the scorpion but does no damage.
You shoot an arrow.
The arrow completely misses the scorpion.
The scorpion completely misses you.
You shoot an arrow. The arrow closely misses the scorpion.
The scorpion misses you. The scorpion stings you.
You are poisoned.
The scorpion poisons you!
You shoot an arrow. The arrow hits the scorpion.
The scorpion is lightly wounded.
You feel very sick. The scorpion stings you. The scorpion barely misses you.
You shoot an arrow. The arrow closely misses the scorpion.
You feel sick. The scorpion completely misses you.
You shoot an arrow.
The arrow hits the scorpion but does no damage.
The scorpion is lightly wounded.
You feel sick. The scorpion stings you.
You are lethally poisoned!
The scorpion poisons you! The scorpion stings you.
* * * LOW HITPOINT WARNING * * *
You are more poisoned.
The scorpion poisons you!
It was a potion of berserk rage.
A red film seems to cover your vision as you go berserk!
You feel yourself moving faster!
You feel mighty!
* * * LOW HITPOINT WARNING * * *
You feel very sick. The scorpion closely misses you.
You are too berserk!
You feel a strong urge to attack something.
* * * LOW HITPOINT WARNING * * *
You feel sick.
* * * LOW HITPOINT WARNING * * *
You feel sick.
You feel your anger nearly subside.
You are no longer berserk.
You are exhausted.
You feel yourself slow down.
You die...

#### ...# ...#
...####
###########.......
#.....<...s.......
#.....)...........
#..............<..
+......@..........
#.................
#.................
#..........###....
#..........# ....
#..........# ..
####......##
#......#


You could see a scorpion.

Vanquished Creatures
  2 ogres (D:3)
  A worm (D:2)
  A dart slug (D:3)
  3 ball pythons
  5 endoplasms
  4 giant cockroaches
  4 hobgoblins
  7 bats
  2 frilled lizards
  5 goblins
  3 kobolds
  A rat (D:3)
38 creatures vanquished.

Notes
Turn   | Place    | Note
-------+----------+-------------------------------------------
     0 | D:1      | koil the Spriggan Hunter began the quest for the Orb.
     0 | D:1      | Reached XP level 1. HP: 10/10 MP: 2/2
   338 | D:1      | Reached XP level 2. HP: 15/15 MP: 2/4
   370 | D:1      | Learned a level 1 spell: Necrotise
   432 | D:1      | Found a faded altar of an unknown god.
   855 | D:2      | Reached skill level 1 in Spellcasting
  1420 | D:2      | Reached XP level 3. HP: 18/18 MP: 5/5
  1682 | D:3      | Found a burning altar of Makhleb.
  1814 | D:3      | Noticed an ogre
  1853 | D:3      | Killed an ogre
  1854 | D:3      | Reached skill level 1 in Necromancy
  1854 | D:3      | Reached XP level 4. HP: 23/23 MP: 5/7
  1923 | D:3      | Noticed an ogre
  1928 | D:3      | Killed an ogre
  1929 | D:3      | Reached XP level 5. HP: 27/27 MP: 7/9
  2076 | D:3      | Found a radiant altar of Vehumet.
  2122 | D:3      | Found a sacrificial altar of Ru.
  2358 | D:4      | Succumbed to a scorpion's poison

Illustrated notes

Levels and vault maps discovered:
D:1:      wheals_arrival_linesprint, layout_basic,
          shapermc_ecumenical_altar_ellora
D:2:      layout_loops_ring
D:3:      layout_loops_ring, mainiacjoe_overflow_brackets,
          mainiacjoe_overflow_big_doors, st_stairs_10
D:4:      layout_basic, grunt_ashenzari_visionary
          [grunt_ashenzari_visionary_shoals, grunt_ashenzari_visionary_snake],
          zin_scriptorium, kennysheep_generic_room_15

Skill      XL: |  1  2  3  4 |
---------------+-------------+-----
Stealth        | 2 3 |  3.7
Dodging        | 3 4 |  4.1
Spellcasting   | 1 2 |  2.3
Fighting       | 2 |  2.4
Necromancy     | 1 |  1.5
Ranged Weapons | |  4.5

Action                   |  1- 3 |  4- 6 || total
-------------------------+-------+-------++-------
 Fire: Shortbow          |    88 |    17 ||   105
  Use: Potion            |       |     1 ||     1
Armor: Robe              |     4 |       ||     4
Dodge: Dodged            |    22 |     5 ||    27

Table legend: (Time is in decaauts)
 A = Elapsed time spent in this place.
 B = Non-inter-level travel time spent in this place.
 C = Inter-level travel time spent in this place.
 D = Time resting spent in this place.
 E = Time spent auto-exploring this place.
 F = Levels seen in this place.
 G = Mean time per level.
                   A        B        C        D        E       F      G
               +--------+--------+--------+--------+--------+-----+--------+
         Total |   1552 |   1479 |     73 |      0 |   1203 |   4 |  388.0 |
       Dungeon |   1552 |   1479 |     73 |      0 |   1203 |   4 |  388.0 |
               +--------+--------+--------+--------+--------+-----+--------+

Top non-repeatable levels by time:
     D:1: 545 daAuts
     D:3: 525 daAuts
     D:2: 465 daAuts
     D:4: 15 daAuts
